 Dungeon Crawl Stone Soup version 0.29-a0-512-gf59ac788ac (webtiles) character file.

Game seed: 5407559622598093532

279832 dolemite99 the Executioner (level 20, -8/191 HPs)
             Began as a Hill Orc Fighter on May 30, 2022.
             Was a Believer of Yredelemnul.
             Killed from afar by Mara (illusionary) (22 damage)
             ... with a bolt of fire
             ... on level 3 of the Vaults.
             The game lasted 01:18:54 (47898 turns).

dolemite99 the Executioner (Hill Orc Fighter)      Turns: 47898, Time: 01:18:55

Health: -8/191     AC: 29    Str: 28    XL:     20   Next: 86%
Magic:  33/33      EV:  8    Int:  8    God:    Yredelemnul [**....]
Gold:   1130       SH:  0    Dex: 10    Spells: 19/19 levels left

rFire   + . .      SeeInvis .   b - +6 arbalest (vorpal)
rCold   . . .      Faith    .   (shield currently unavailable)
rNeg    . . .      Spirit   .   O - +3 plate armour {rF+}
rPois   +          Reflect  .   F - +1 hat
rElec   +          Harm     .   P - scarf {repulsion}
rCorr   .          Rampage  +   s - +2 pair of gloves
Will    ++...                   i - +2 pair of boots {rampage}
Stlth   ..........              o - amulet of regeneration
HPRegen 1.21/turn               c - ring "Mowack" {rElec rPois Slay+3 Stlth+, =R}
MPRegen 0.23/turn               d - ring of willpower

@: studying Throwing, repel missiles
A: no striking features
}: 1/15 runes: serpentine
a: Renounce Religion, Recall Undead Harvest, Dark Bargain


You were on level 3 of the Vaults.
You worshipped Yredelemnul.
Yredelemnul was most pleased with you.
You visited 6 branches of the dungeon, and saw 33 of its levels.
You visited 1 bazaar.

You collected 3634 gold pieces.
You spent 2504 gold pieces at shops.

Inventory:

Hand Weapons
 a - a +6 battleaxe of flaming
 b - a +6 vorpal arbalest (weapon)
 K - a +2 battleaxe of protection
 S - the +9 morningstar of Binodymu {vorpal, rC+ Str+2}
   (You found it on level 12 of the Dungeon)

   It inflicts extra damage upon your enemies.
   Str:       It affects your strength (+2).
   rC:        It protects you from cold.
Missiles
 e - 3 throwing nets
 f - a javelin
 g - 12 silver javelins
 E - 36 poisoned darts
 J - 13 curare-tipped darts
 T - 32 boomerangs
Armour
 i - a +2 pair of boots of rampaging (worn)
 s - a +2 pair of gloves (worn)
 F - a +1 hat (worn)
 O - a +3 plate armour of fire resistance (worn)
 P - a scarf of repulsion (worn)
Jewellery
 c - the ring "Mowack" (left hand) {rElec rPois Slay+3 Stlth+, =R}
   (You acquired it on level 4 of the Dungeon)

   [ring of poison resistance]

   Slay:      It affects your accuracy & damage with ranged weapons and melee
   (+3).
   rElec:     It insulates you from electricity.
   rPois:     It protects you from poison.
   Stlth:     It makes you more stealthy.
 d - a ring of willpower (right hand)
 h - a +4 ring of protection
 l - the ring of the Yeti {Wiz rF+ rCorr Dex+3}
   (You bought it in a shop on level 2 of the Orcish Mines)

   [ring of wizardry]

   It improves your spell success rate.
   Dex:       It affects your dexterity (+3).
   rF:        It protects you from fire.
   rCorr:     It protects you from acid and corrosion.
 o - an amulet of regeneration (around neck)
 r - a ring of protection from fire
 y - an amulet of magic regeneration
 D - a ring of see invisible
 G - a ring of protection from cold
Wands
 w - a wand of digging (4)
 x - a wand of charming (6)
 I - a wand of iceblast (4)
 Z - a wand of polymorph (5)
Scrolls
 j - 5 scrolls of teleportation
 m - 9 scrolls of identify {@r1}
 z - a scroll of silence
 A - a scroll of poison
 L - 4 scrolls of fog
 X - 2 scrolls of blinking
Potions
 k - 10 potions of ambrosia
 n - 2 potions of mutation
 q - 7 potions of flight
 t - a potion of cancellation
 H - 4 potions of resistance
 M - 6 potions of brilliance
 N - 8 potions of attraction
 Q - 21 potions of curing
 R - 3 potions of berserk rage
 V - 2 potions of magic
Miscellaneous
 p - a phantom mirror (inert)
 u - a lightning rod (1/4)
 v - a tin of tremorstones (1/2)
 Y - a condenser vane (inert)


   Skills:
 - Level 19.0 Fighting
 - Level 21.1 Axes
 - Level 16.1 Crossbows
 - Level 2.0 Throwing
 - Level 18.3 Armour
 - Level 3.2 Shields
 + Level 19.4 Invocations
 - Level 9.9 Evocations


You had 19 spell levels left.
You didn't know any spells.
Your spell library contained the following spells:

 Spells                   Type           Power      Damage    Failure   Level
 Apportation              Tloc           0%         N/A       91%         1
 Magic Dart               Conj           0%         1d3       91%         1
 Slow                     Hex            0%         N/A       91%         1
 Call Imp                 Summ           0%         N/A       97%         2
 Searing Ray              Conj           0%         2d4       97%         2
 Call Canine Familiar     Summ           0%         N/A       100%        3
 Confusing Touch          Hex            0%         N/A       100%        3
 Frozen Ramparts          Ice            0%         1d2       100%        3
 Mephitic Cloud           Conj/Pois/Air  0%         N/A       100%        3
 Portal Projectile        Hex/Tloc       0%         N/A       100%        3
 Stone Arrow              Conj/Erth      0%         3d7       100%        3
 Tukima's Dance           Hex            0%         N/A       100%        3
 Vampiric Draining        Necr           0%         2d6       100%        3
 Animate Armour           Summ/Erth      0%         N/A       100%        4
 Fulminant Prism          Conj/Hex       0%         3d6       100%        4
 Ice Form                 Ice/Tmut       0%         N/A       100%        4
 Iskenderun's Mystic Bla  Conj/Tloc      0%         2d3       100%        4
 Leda's Liquefaction      Hex/Erth       0%         N/A       100%        4
 Summon Ice Beast         Ice/Summ       0%         N/A       100%        4
 Summon Lightning Spire   Summ/Air       0%         N/A       100%        4
 Alistair's Intoxication  Tmut/Pois      0%         N/A       100%        5
 Blade Hands              Tmut           0%         N/A       100%        5
 Borgnjor's Vile Clutch   Necr/Erth      0%         N/A       100%        5
 Lee's Rapid Deconstruct  Erth           0%         3d5*      100%        5
 Summon Forest            Summ/Tloc      0%         N/A       100%        5
 Summon Mana Viper        Hex/Summ       0%         N/A       100%        5
 Yara's Violent Unravell  Hex/Tmut       0%         3d3       100%        5
 Summon Cactus Giant      Summ           0%         N/A       100%        6
 Enfeeble                 Hex            0%         N/A       100%        7
 Storm Form               Tmut/Air       0%         N/A       100%        7
 Lehudib's Crystal Spear  Conj/Erth      0%         10d2      100%        8
 Maxwell's Capacitive Co  Air            0%         ∞         100%        8
 Animate Dead             Necr           Unusable   N/A       N/A         4
 Death Channel            Necr           Unusable   N/A       N/A         6

Dungeon Overview and Level Annotations

Branches:
Dungeon (15/15)            Temple (0/1) D:5            Lair (6/6) D:8
 Shoals (3/4) Lair:4        Snake (4/4) Lair:2        Slime (0/5) Lair:6
    Orc (2/2) D:9             Elf (0/3) Orc:2        Vaults (3/5) D:14
  Crypt (0/3) Vaults:2     Depths (0/4) D:15

Altars:
Cheibriados
Gozag
Hepliaklqana
Okawaru
Qazlal
Trog
Wu Jian
Yredelemnul
Zin
The Shining One
Beogh

Shops:
D:5 (   D:7 *   D:9 *   Orc:2 [!(!=   Shoals:1 ?   Vaults:2 (

Annotations:
Lair:5 1 runed translucent door, Bihe's ghost, journeyman HuBe
Lair:6 exclusion: obsidian statue
Shoals:2 2 transporters, finalsalamander's ghost, adept HOMo
Snake:1 2 transporters, Itub's ghost, adept GrFi
Snake:4 1 runed translucent door, Wirghost's ghost, adept DESu
Vaults:1 3 runed translucent doors, royokou's ghost, adept TrFi
Vaults:3 Mara


Message History

Dolemite99's illusion hits you!
You shoot a bolt.
The bolt completely misses dolemite99's illusion.
Mara gestures at you. The bolt of fire hits you!! You resist.
Dolemite99's illusion hits you!!
You shoot a bolt. The bolt hits dolemite99's illusion.
Dolemite99's illusion is lightly wounded.
Dolemite99's illusion hits you!
Your ironbound thunderhulk zombie hits Mara!
As you read the scroll of teleportation, it crumbles to dust.
You feel strangely unstable.
Mara hits you with a +6 vampiric demon whip.
Mara draws strength from your wounds! Dolemite99's illusion hits you!!
Dolemite99's illusion attacks as you move away!
Dolemite99's illusion hits you!!
* * * LOW HITPOINT WARNING * * *
x2 Mara shimmers.
Mara shimmers and seems to become three!
Dolemite99's illusion attacks as you move away!
Dolemite99's illusion hits you but does no damage.
Mara says, "Bound art thou by all the snares!"
Mara hits you with a +6 vampiric demon whip!
* * * LOW HITPOINT WARNING * * *
Mara draws strength from your wounds!
Your ironbound thunderhulk zombie hits Mara but does no damage.
Dolemite99's illusion attacks as you move away!
Dolemite99's illusion hits you!
* * * LOW HITPOINT WARNING * * *
x2 Mara gestures at you.
The bolt of fire hits you. You resist.
* * * LOW HITPOINT WARNING * * *
Mara blinks!
Your surroundings seem slightly different.
Mara gestures at you. The bolt of fire hits you! You resist.
* * * LOW HITPOINT WARNING * * *
Mara gestures at you. The bolt of fire hits you!! You resist.
You die...
Your body rises from the dead as a mindless zombie.

#....# #....#
#....# #..§.#
#....#########
#.@..#.......#
#.R..'.......#
#§R..#.......#
#@.Z.#.......#
#....#.......#
#....#.......#
#....#########
#R...# #....#
#....# .'....#
###....#


You could see 3 Maras, dolemite99's illusion and a friendly ironbound
thunderhulk zombie.

Vanquished Creatures
  Jorgrun (D:12)
  Asterion (Vaults:3)
  Kirke (D:13)
  A sphinx (Vaults:2)
  Donald (Vaults:3)
  4 nagarajas
  Ilsuiw (Shoals:2)
  Louise (D:15)
  A vault warden (Vaults:3)
  A fire giant (Orc:1)
  4 orc warlords
  7 ironbound preservers
  4 war gargoyles
  3 very ugly things (Vaults:2)
  An ironbound thunderhulk (Vaults:3)
  10 dire elephants
  4 merfolk javelineers
  Snorg (D:10)
  A crystal guardian (Vaults:2)
  A fire dragon (D:15)
  2 yaktaur captains (Vaults:1)
  9 merfolk impalers
  4 ettins
  2 great orbs of eyes (Vaults:1)
  9 hydras
  Erolcha (Orc:2)
  3 boulder beetles
  Harold (D:10)
  A peacekeeper (Vaults:2)
  An ogre mage (Vaults:3)
  A rakshasa (D:15)
  A salamander tyrant (Snake:4)
  2 death knights (Vaults:2)
  8 anacondas
  An ironbound frostheart (Vaults:2)
  11 two-headed ogres
  4 centaur warriors
  14 naga warriors
  3 tengu warriors (D:15)
  A death yak (Lair:3)
  3 satyrs (Shoals:2)
  10 shock serpents
  18 naga sharpshooters
  3 orc high priests (Orc:2)
  2 salamander mystics
  6 sea snakes
  11 skeletal warriors
  3 naga ritualists
  A spectral death yak (Lair:6)
  7 ironbound convokers
  26 deep trolls
  13 orc knights
  2 wizards
  2 necromancers
  A deep elf pyromancer (D:13)
  A lindwurm (Vaults:3)
  4 orc sorcerers (Orc:2)
  5 harpies
  17 cyclopes
  10 fauns
  8 mana vipers
  15 salamanders
  21 ugly things
  12 manticores
  6 vault sentinels
  9 naga magi
  10 elephants
  A dire elephant zombie (Lair:6)
  9 merfolk sirens
  29 black mambas
  Maurice (D:13)
  A water nymph (Shoals:3)
  2 guardian serpents
  3 gargoyles
  9 cane toads
  An unseen horror (D:12)
  4 rime drakes
  8 yaktaurs
  6 kobold demonologists
  A human zombie (Vaults:3)
  A tengu conjurer (D:15)
  3 freezing wraiths
  5 komodo dragons
  27 merfolk
  2 queen bees
  A tarantella (shapeshifter) (D:15)
  A polar bear (D:8)
  5 meliai (D:11)
  6 trolls
  2 wind drakes
  8 snapping turtles
  A hornet (D:9)
  8 blink frogs
  29 slime creatures
  2 dream sheep (Shoals:3)
  3 water elementals
  An ettin skeleton (Vaults:3)
  A vampire (D:10)
  2 black mamba zombies (Snake:3)
  3 wyverns
  8 wraiths
  3 hogs (D:13)
  A wind drake zombie (Shoals:1)
  49 yaks
  2 basilisks (Lair:3)
  2 steam dragons
  4 wargs
  18 vampire mosquitoes
  An unseen horror simulacrum (D:8)
  A death yak simulacrum (Lair:6)
  2 deep troll zombies
  2 acid dragons
  A merfolk zombie (Shoals:3)
  32 nagas
  13 water moccasins
  A floating eye (shapeshifter) (D:15)
  Duvessa (D:5)
  16 orc warriors
  An orc zombie (Vaults:2)
  2 naga zombies
  A sky beast (D:7)
  2 black bears
  A dream sheep zombie (Shoals:3)
  8 ogres
  16 wolves
  8 centaurs
  An elephant skeleton (Lair:6)
  A phantom (D:7)
  2 yaktaur zombies
  A kobold brigand (D:7)
  10 bullfrogs
  A necrophage (D:8)
  A gnoll sergeant (D:10)
  Dowan (D:5)
  58 killer bees
  An elephant simulacrum (Lair:6)
  5 howler monkeys
  An electric eel (D:8)
  3 hounds
  11 orc priests
  2 gnoll shamans
  6 jellies
  4 iguanas
  20 orc wizards
  2 hell rats (Lair:4)
  A centaur simulacrum (D:8)
  5 adders
  16 gnolls
  7 river rats (Lair:4)
  2 shadow imps (D:5)
  3 white imps (D:8)
  3 ufetubi
  3 worms
  2 dart slugs
  72 orcs
  8 ball pythons
  2 bats
  7 endoplasms
  3 giant cockroaches
  10 goblins
  11 hobgoblins
  8 kobolds
  6 quokkas
  3 frilled lizards (D:1)
  6 rats
  A plant (Lair:5)
1046 creatures vanquished.

Vanquished Creatures (collateral kills)
  A tengu reaver (Vaults:2)
  A nagaraja (Snake:4)
  A vault warden (Vaults:3)
  4 ironbound preservers
  2 stone giants
  An ironbound thunderhulk (Vaults:1)
  A dire elephant (Lair:6)
  A crystal guardian (Vaults:2)
  5 merfolk impalers
  An ettin (Vaults:2)
  Josephine (D:11)
  2 yaktaur captains
  A boulder beetle (D:13)
  A peacekeeper (Vaults:2)
  3 centaur warriors
  2 two-headed ogres
  A catoblepas (Lair:6)
  A satyr (Shoals:3)
  An ironbound frostheart (Vaults:2)
  An anaconda (Snake:4)
  5 naga warriors
  A tengu warrior (D:15)
  3 salamander mystics
  A skeletal warrior (D:14)
  2 naga sharpshooters (Snake:4)
  15 deep trolls
  A spectral anaconda (Lair:6)
  A sea snake (Shoals:3)
  4 naga ritualists
  2 wizards
  2 orc knights
  5 harpies
  A phantasmal warrior (Vaults:2)
  3 ironbound convokers (Vaults:2)
  A lindwurm (Vaults:3)
  2 orc sorcerers (Orc:2)
  4 mana vipers
  2 necromancers (Lair:6)
  2 manticores (Shoals:1)
  2 ugly things
  8 salamanders
  8 fauns
  5 cyclopes
  10 black mambas
  A gargoyle (D:11)
  9 naga magi
  A vault sentinel (Vaults:2)
  A guardian serpent (Snake:1)
  A water nymph (Shoals:1)
  2 elephants
  A kobold demonologist (D:11)
  5 cane toads
  2 yaktaurs (Vaults:3)
  2 rime drakes (Lair:3)
  2 komodo dragons
  6 merfolk
  A hornet (D:9)
  A wind drake (Shoals:2)
  3 blink frogs
  3 slime creatures
  A spectral elephant (Lair:6)
  A wyvern (D:8)
  14 yaks
  A wraith (D:11)
  A vampire mosquito (D:13)
  A death yak simulacrum (Lair:6)
  17 nagas
  5 water moccasins
  An orc warrior (D:9)
  4 wolves
  An ogre (Vaults:3)
  2 kobold brigands
  2 gnoll sergeants
  A bullfrog (Lair:2)
  A cane toad simulacrum (Lair:6)
  A necrophage (D:5)
  A hornet simulacrum (D:8)
  8 killer bees
  An electric eel (Lair:2)
  A howler monkey (D:11)
  A hound (D:5)
  2 orc priests
  A jelly (D:5)
  Jessica (D:2)
  An orc wizard (D:11)
  A centaur simulacrum (D:8)
  2 gnolls
  An adder (D:3)
  18 orcs
  An endoplasm (D:3)
  A ball python (D:3)
  A bat (D:2)
  2 frilled lizards
  11 kobolds
272 creatures vanquished.

Vanquished Creatures (others)
  A spectral dire elephant (Vaults:3)
  A salamander mystic (Snake:4)
  4 anaconda zombies
  A spectral human (Vaults:1)
  An ugly thing zombie (Vaults:1)
  4 dire elephant zombies
  5 shock serpent zombies
  A spectral rakshasa (D:15)
  3 sea snake zombies
  5 mana viper zombies
  4 harpy zombies
  3 hydra zombies
  A merfolk (Shoals:3)
  2 great orb of eyes zombies (Vaults:1)
  A tarantella zombie (D:15)
  A meliai zombie (D:11)
  2 guardian serpent zombies
  A boulder beetle zombie (Lair:3)
  An ettin zombie (Orc:1)
  A spectral manticore (Shoals:2)
  11 black mamba zombies
  11 slime creature zombies
  A wind drake zombie (Shoals:2)
  13 deep troll zombies
  5 faun zombies (Shoals:2)
  13 human zombies
  4 two-headed ogre zombies
  A tengu zombie (D:15)
  A cane toad zombie (Lair:6)
  An elephant zombie (Lair:6)
  An orc warrior (Orc:2)
  A dream sheep zombie (Shoals:3)
  2 manticore zombies (Shoals:2)
  3 blink frog zombies
  16 merfolk zombies
  A lindwurm zombie (Vaults:3)
  2 vampire mosquito zombies
  A yaktaur zombie (Vaults:2)
  15 salamander zombies
  5 cyclops zombies
  A komodo dragon zombie (D:12)
  A wyvern zombie (Lair:6)
  3 water moccasin zombies
  8 yak zombies
  A queen bee zombie (D:10)
  A warg zombie (Orc:2)
  A killer bee (D:8)
  2 troll zombies
  3 wolf zombies
  3 bullfrog zombies
  4 centaur zombies
  A black bear zombie (Lair:3)
  An orc wizard (D:8)
  27 killer bee zombies
  26 naga zombies
  3 ogre zombies
  A hound zombie (D:5)
  A howler monkey zombie (D:11)
  A steam dragon zombie (D:8)
  A jelly zombie (D:7)
  A spectral white imp (D:8)
  An orc (D:8)
  A bat zombie (D:3)
  3 gnoll zombies
  3 kobolds
  A ball python zombie (D:2)
  An endoplasm zombie (D:2)
  A hobgoblin zombie (D:2)
  6 kobold zombies
  49 orc zombies
  A quokka zombie (D:5)
  2 spectral ufetubi (D:8)
  76 fungi
  184 plants
  31 withered plants
602 creatures vanquished.

Grand Total: 1920 creatures vanquished

Notes
Turn   | Place    | Note
-------+----------+-------------------------------------------
     0 | D:1      | dolemite99 the Hill Orc Fighter began the quest for the
                  | Orb.
     0 | D:1      | Reached XP level 1. HP: 19/19 MP: 1/1
    31 | D:1      | Reached skill level 3 in Axes
    95 | D:1      | Reached XP level 2. HP: 26/26 MP: 2/2
   168 | D:1      | Reached skill level 4 in Axes
   348 | D:1      | Reached XP level 3. HP: 28/31 MP: 3/3
   711 | D:1      | Found a faded altar of an unknown god.
   717 | D:1      | Prayed at the altar of an unknown god.
   717 | D:1      | Became a worshipper of Yredelemnul the Dark
   717 | D:1      | Reached * piety under Yredelemnul
   998 | D:2      | Reached skill level 5 in Axes
  1009 | D:2      | Noticed Jessica
  1022 | D:2      | Killed Jessica
  1023 | D:2      | Reached XP level 4. HP: 22/39 MP: 4/4
  1049 | D:2      | Reached skill level 6 in Axes
  2310 | D:2      | Reached ** piety under Yredelemnul
  2388 | D:3      | Reached XP level 5. HP: 29/45 MP: 5/5
  3052 | D:4      | Reached skill level 7 in Axes
  3177 | D:4      | Identified a scroll of acquirement
  3177 | D:4      | Acquired the ring "Mowack" {rElec rPois Slay+3 Stlth+}
  3277 | D:4      | Reached skill level 8 in Axes
  3277 | D:4      | Reached XP level 6. HP: 50/51 MP: 6/6
  3497 | D:4      | Found a stormy altar of Qazlal.
  3836 | D:5      | Entered Level 5 of the Dungeon
  3930 | D:5      | Found Cuz Anexemi's Hydra Hut.
  3931 | D:5      | Noticed a four-headed hydra
  3947 | D:5      | Noticed Duvessa
  3947 | D:5      | Noticed Dowan
  3952 | D:5      | Killed Duvessa
  3955 | D:5      | Killed Dowan
  3956 | D:5      | Reached skill level 9 in Axes
  3956 | D:5      | Reached XP level 7. HP: 42/57 MP: 7/7
  4079 | D:5      | Found a staircase to the Ecumenical Temple.
  4226 | D:5      | Reached skill level 10 in Axes
  4466 | D:5      | Found an ornate altar of the Wu Jian Council.
  4640 | D:5      | Reached skill level 11 in Axes
  4684 | D:5      | Reached XP level 8. HP: 64/64 MP: 8/8
  4724 | D:5      | Reached *** piety under Yredelemnul
  5025 | D:6      | Reached skill level 12 in Axes
  5350 | D:6      | Reached skill level 13 in Axes
  5961 | D:6      | Found a hazy altar of Hepliaklqana.
  6351 | D:7      | Found Gozag's Platinum Reserve.
  6465 | D:7      | Found an opulent altar of Gozag.
  6589 | D:7      | Reached skill level 14 in Axes
  6589 | D:7      | Reached XP level 9. HP: 59/70 MP: 9/9
  7157 | D:8      | Reached skill level 15 in Axes
  7160 | D:8      | Reached skill level 16 in Axes
  7161 | D:8      | Noticed a polar bear
  7349 | D:8      | Noticed a two-headed ogre
  7360 | D:8      | Killed a two-headed ogre
  7361 | D:8      | Reached skill level 17 in Axes
  7361 | D:8      | Reached XP level 10. HP: 56/77 MP: 10/10
  7494 | D:8      | Reached skill level 18 in Axes
  7514 | D:8      | Found a staircase to the Lair.
  7668 | D:8      | Reached skill level 19 in Axes
  7923 | D:8      | Found a glowing golden altar of the Shining One.
  8216 | D:9      | Identified the +2 rapier of the Hall of Blades {protect,
                  | rC++ rN+}
  8355 | D:9      | Noticed a two-headed ogre
  8361 | D:9      | Killed a two-headed ogre
  8362 | D:9      | Reached skill level 20 in Axes
  8418 | D:9      | Reached XP level 11. HP: 55/82 MP: 11/11
  8569 | D:9      | You fall into a shaft and drop 1 floor!
  8569 | D:10     | Entered Level 10 of the Dungeon
  8750 | D:10     | Reached skill level 21 in Axes
  8880 | D:9      | Found a staircase to the Orcish Mines.
  9192 | D:9      | Found a glowing silver altar of Zin.
  9331 | D:9      | Found Wotzablo's Serpentskin Sales.
  9446 | D:9      | Reached skill level 5 in Fighting
  9807 | D:5      | Bought a +2 battleaxe of flaming for 331 gold pieces
 10204 | D:10     | Found a snail-covered altar of Cheibriados.
 10301 | D:10     | Identified the +6 chain mail of Stoicism {Rampage *Corrode
                  | Fly rC-}
 10333 | D:10     | Noticed Harold
 10340 | D:10     | Killed Harold
 10341 | D:10     | Reached skill level 5 in Armour
 10346 | D:10     | Noticed Snorg
 10354 | D:10     | Killed Snorg
 10385 | D:10     | Reached **** piety under Yredelemnul
 10635 | D:10     | Found an iron altar of Okawaru.
 10837 | D:11     | Noticed a two-headed ogre
 10846 | D:11     | Killed a two-headed ogre
 10847 | D:11     | Reached XP level 12. HP: 103/103 MP: 12/12
 10871 | D:11     | Noticed a centaur warrior
 10878 | D:11     | Killed a centaur warrior
 10948 | D:11     | Identified the +10 war axe "Beetleslayer" {pain, Str+3
                  | Int+2}
 10968 | D:11     | Reached skill level 10 in Fighting
 10972 | D:11     | Noticed a two-headed ogre
 10976 | D:11     | Killed a two-headed ogre
 11102 | D:11     | Noticed a four-headed hydra
 11109 | D:11     | Killed a one-headed hydra
 11124 | D:11     | Noticed Josephine
 11156 | D:11     | Killed Josephine
 11524 | D:11     | Reached skill level 10 in Armour
 11526 | D:11     | Reached XP level 13. HP: 117/118 MP: 13/13
 11538 | D:11     | Reached ***** piety under Yredelemnul
 11699 | D:11     | Reached ****** piety under Yredelemnul
 11838 | Lair:1   | Entered Level 1 of the Lair of Beasts
 12900 | Lair:2   | Found a staircase to the Snake Pit.
 13809 | Lair:3   | Reached skill level 5 in Invocations
 14258 | Lair:3   | Reached XP level 14. HP: 121/133 MP: 20/20
 14353 | Lair:3   | Reached skill level 10 in Invocations
 14814 | Lair:4   | Found a staircase to the Shoals.
 16194 | Lair:5   | Reached skill level 15 in Fighting
 16644 | Lair:5   | Found a runed translucent door.
 16649 | Lair:5   | Noticed Bihe's ghost (journeyman HuBe)
 16652 | Lair:5   | Identified the +1 trident "Juughud" {vorpal, Int+2}
 16791 | Lair:6   | Entered Level 6 of the Lair of Beasts
 17011 | Lair:6   | Found a staircase to the Slime Pits.
 17350 | Lair:6   | Noticed a dire elephant
 17350 | Lair:6   | Noticed a dire elephant
 17350 | Lair:6   | Noticed a dire elephant
 17350 | Lair:6   | Noticed a dire elephant
 17359 | Lair:6   | Killed a dire elephant
 17512 | Lair:6   | Noticed a dire elephant
 17528 | Lair:6   | Killed a dire elephant
 17801 | Lair:6   | Killed a dire elephant
 17802 | Lair:6   | Reached skill level 1 in Evocations
 17850 | Lair:6   | Killed a dire elephant
 17857 | Lair:6   | Killed a dire elephant
 17858 | Lair:6   | Reached XP level 15. HP: 124/145 MP: 22/22
 18390 | Orc:1    | Entered Level 1 of the Orcish Mines
 18554 | Orc:1    | Reached skill level 5 in Evocations
 18724 | Orc:1    | Noticed a fire giant
 18862 | Orc:1    | Killed a fire giant
 18885 | Orc:1    | Identified the +3 triple crossbow of Conservatism {elec,
                  | Dex+2}
 18888 | Orc:1    | Identified the +4 war axe "Neocrit" {flame, *Slow Str+6
                  | Dex+5}
 18915 | Orc:1    | Identified the +2 robe of the Caustic God {Regen+}
 19091 | Orc:1    | Found a roughly hewn altar of Beogh.
 19548 | Orc:2    | Entered Level 2 of the Orcish Mines
 19702 | Orc:2    | Found Feschi Ugash's Antique Armour Shop.
 19759 | Orc:2    | Found a staircase to the Elven Halls.
 19763 | Orc:2    | Noticed an orc warlord
 20410 | Orc:2    | Killed an orc warlord
 21375 | Orc:2    | Found Miaruwk's Jewellery Shop.
 21375 | Orc:2    | Found Xaif's Distillery.
 21377 | Orc:2    | Found Lusego Cyud's Distillery.
 21377 | Orc:2    | Found Plog's Antique Weapon Emporium.
 21522 | Orc:2    | Bought a potion of heal wounds for 60 gold pieces
 21522 | Orc:2    | Bought a potion of heal wounds for 60 gold pieces
 21522 | Orc:2    | Bought 2 potions of curing for 72 gold pieces
 21591 | Orc:2    | Bought a glowing plate armour for 702 gold pieces
 21663 | Orc:2    | Noticed Erolcha
 21679 | Orc:2    | Killed Erolcha
 21903 | Orc:2    | Bought a potion of resistance for 100 gold pieces
 21906 | Orc:2    | Bought the ring of the Yeti {Wiz rF+ rCorr Dex+3} for 726
                  | gold pieces
 22389 | D:12     | Noticed Jorgrun
 22574 | D:12     | Killed Jorgrun
 22899 | D:12     | Identified the +9 morningstar of Binodymu {vorpal, rC+
                  | Str+2}
 23264 | D:12     | Found a gateway to a bazaar.
 23271 | Bazaar   | Entered a bazaar
 23292 | Bazaar   | Found Ebbeexzu's General Store.
 23292 | Bazaar   | Found Osap Roe's Armour Emporium.
 23314 | Bazaar   | Found Bisae's Book Shoppe.
 23314 | Bazaar   | Found Kaetaf's Antique Armour Emporium.
 23400 | Bazaar   | Bought a potion of invisibility for 112 gold pieces
 23400 | Bazaar   | Bought a wand of mindburst (4) for 112 gold pieces
 23400 | Bazaar   | Bought a scroll of fear for 49 gold pieces
 23790 | D:13     | Noticed Kirke
 23909 | D:13     | Killed Kirke
 23910 | D:13     | Reached XP level 16. HP: 150/155 MP: 23/23
 23976 | D:13     | Noticed Maurice
 23987 | D:13     | Killed Maurice
 25604 | D:14     | Reached skill level 15 in Armour
 26339 | D:14     | Found a gate to the Vaults.
 26996 | D:15     | Entered Level 15 of the Dungeon
 27762 | D:15     | Noticed Louise
 27776 | D:15     | Killed Louise
 27958 | D:15     | Your ally Louise died
 28034 | D:15     | Found a staircase to the Depths.
 28734 | Snake:1  | Entered Level 1 of the Snake Pit
 28776 | Snake:1  | Found a transporter.
 28780 | Snake:1  | Found a transporter.
 28941 | Snake:1  | Reached skill level 1 in Crossbows
 29350 | Snake:1  | Reached XP level 17. HP: 121/168 MP: 22/24
 29406 | Snake:1  | Reached skill level 5 in Crossbows
 29431 | Snake:1  | Noticed Itub's ghost (adept GrFi)
 29533 | Snake:1  | Found a bloodstained altar of Trog.
 29573 | Snake:1  | Found an iron altar of Okawaru.
 33289 | Snake:3  | Reached skill level 10 in Crossbows
 34749 | Snake:4  | Entered Level 4 of the Snake Pit
 34779 | Snake:4  | Reached XP level 18. HP: 128/176 MP: 25/25
 37731 | Snake:4  | Found a runed translucent door.
 37731 | Snake:4  | Noticed Wirghost's ghost (adept DESu)
 38369 | Snake:4  | Got a serpentine rune of Zot
 38572 | Shoals:1 | Entered Level 1 of the Shoals
 38987 | Shoals:1 | Found Hettaps's Magic Scroll Shoppe.
 39649 | Shoals:2 | You fall into a shaft and drop 1 floor!
 39908 | Shoals:2 | Reached skill level 15 in Crossbows
 40152 | Shoals:2 | Reached XP level 19. HP: 149/182 MP: 26/26
 40279 | Shoals:2 | Found a transporter.
 40279 | Shoals:2 | Found a transporter.
 40748 | Shoals:2 | Noticed Ilsuiw
 41219 | Shoals:2 | Killed Ilsuiw
 41486 | Shoals:2 | Noticed finalsalamander's ghost (adept HOMo)
 41569 | Shoals:2 | Identified the ring "Oseesohe" {Contam rF++ Will+ Int+2
                  | Dex+2}
 43220 | Orc:2    | Bought a potion of cancellation for 80 gold pieces
 43220 | Orc:2    | Bought a potion of might for 40 gold pieces
 43220 | Orc:2    | Bought a potion of curing for 30 gold pieces
 43220 | Orc:2    | Bought a potion of curing for 30 gold pieces
 43415 | Vaults:1 | Entered Level 1 of the Vaults
 44168 | Vaults:1 | Identified the +7 chain mail "Vaimin" {rC+ Dex+4 Stlth+}
 44435 | Vaults:1 | Found a runed translucent gate.
 44435 | Vaults:1 | Found a runed translucent gate.
 44435 | Vaults:1 | Found a runed translucent gate.
 44435 | Vaults:1 | Noticed royokou's ghost (adept TrFi)
 44964 | Vaults:1 | You fall into a shaft and drop 1 floor!
 45105 | Vaults:2 | Reached XP level 20. HP: 106/191 MP: 30/30
 45219 | Vaults:2 | Found a staircase to the Crypt.
 45254 | Vaults:2 | Found Qaty's Weapon Shoppe.
 45449 | Vaults:2 | Reached skill level 15 in Invocations
 47642 | Vaults:3 | Noticed Asterion
 47642 | Vaults:3 | Noticed Donald
 47651 | Vaults:3 | Killed Asterion
 47654 | Vaults:3 | Killed Donald
 47880 | Vaults:3 | Noticed Mara
 47891 | Vaults:3 | Noticed dolemite99's illusion
 47898 | Vaults:3 | Killed from afar by Mara (illusionary)

Illustrated notes

Levels and vault maps discovered:
D:1:      nicolae_arrival_washed_ashore, layout_basic,
          nicolae_ecumenical_lake_church, minmay_door_square
D:2:      layout_loops_corners, chequers_serial_rivers_micro_b,
          grunt_ministairs_15, minmay_three_crescents, uniq_jessica
D:3:      layout_basic, st_stairs_11
D:4:      layout_basic, mainiacjoe_overflow_brackets, grunt_ministairs_11
D:5:      minmay_octagon_keep, layout_basic, kennysheep_little_box,
          temple_statues, roderic_three_in_a_row, hex_large,
          doesnt_shop_hydraphobe, uniq_duvessa
D:6:      layout_cave_pools, kennysheep_mini
D:7:      layout_loops_ring, nicolae_gozag_zags_fifth_avenue
D:8:      layout_cave_pools, mainiacjoe_overflow_paths, dpeg_oklobed_lair,
          serial_ice, serial_ice_f, serial_ice_a, serial_ice_o, serial_ice_e,
          serial_ice_l, serial_ice_n, minivault_24
D:9:      layout_cave_pods, lemuel_tele_altar, hiddenorc2_lemuel,
          eino_small_chamber_without_monster, guppyfry_shop_venom
D:10:     layout_roguey [special_room_bee], slow_altar_1,
          okawaru_altar_gauntlet_db, uniq_harold, uniq_snorg
D:11:     regret_index_combs_of_tragedy, layout_loops_cross, minivault_14,
          uniq_josephine
D:12:     layout_irregular_city, serial_shops, bzr_in_the_mist, uniq_jorgrun
D:13:     layout_cave_pods, hangedman_abyss_or_decor_clamps, uniq_kirke,
          uniq_maurice
D:14:     layout_stronghold, david_vaults_1, gauntlet_entry_generic, minivault_4
D:15:     hangedman_depths_entry_civil_slaughter, layout_loops_ring,
          serial_glass, glass_columns_b, glass_columns_c, chequers_mini_garden,
          minmay_misc_feat_diagonals, uniq_louise
Lair:1:   layout_regular_city, st_stairs_3, infiniplex_staircase_pool_2
Lair:2:   layout_loops_ring, guppyfry_snake_entry_garden, serial_bayou_shore_a,
          infiniplex_staircase_pool, serial_bayou_shore_b
Lair:3:   layout_regular_city, minmay_shattered_shrine, grunt_megastairs_5
Lair:4:   layout_regular_city, minmay_shoals_entry_beasts, kennysheep_rathole,
          grunt_megastairs_4
Lair:5:   layout_cave_pods, ebering_ghost_funeral_grove
Lair:6:   due_jungle_book, layout_loops_ring, minmay_slime_entry_pillars,
          hangedman_lair_unloving_vines
Shoals:1: nicolae_shoals_island_circles, layout_shoals, nicolae_take_the_stairs,
          nicolae_shoals_mertower
Shoals:2: layout_shoals, ebering_ghost_davey_jones, hangedman_shoals_cup_caves,
          uniq_ilsuiw
Shoals:3: layout_shoals, nicolae_shoals_hidden_pirate_stash
Snake:1:  layout_misc_corridors, gammafunk_ghost_wrathful_warriors, basic_altar,
          grunt_megastairs_3
Snake:2:  layout_rooms, portal_ice_cave_entry_frozen_things
Snake:3:  layout_gridlike
Snake:4:  snake_pit, layout_rooms, gammafunk_ghost_grave
Orc:1:    giant_chief_lemuel, layout_caves, mines2_david
Orc:2:    grunt_orc_tribal_feast, layout_caves, serial_shops,
          nicolae_shop_advertising_works [nicolae_subvault_shop_adworks],
          uniq_erolcha
Vaults:1: biasface_ghost_orc_armoury, nicolae_vaults_back_hallway,
          hangedman_vaults_impose, hangedman_vaults_variations, v_rooms_5,
          layout_vaults_omnigrid
Vaults:2: v_rooms_2, blue_anna_dwarven_crypt, ontoclasm_vaults_gateway,
          v_misc_3, st_hourglassy, vaults_room_pools, vaults_mumra_hex,
          nicolae_vaults_yaktaur_gun_rack, ontoclasm_vaults_decontamination,
          v_misc_18, v_alt_pattern_2, vaults_room_hallway,
          nicolae_vaults_little_ls, layout_vaults_omnibox, serial_shops, shop
Vaults:3: v_misc_30, nicolae_vaults_quartermaster, v_pattern_5, v_alt_pattern_5,
          nicolae_vaults_diagonal_hallway_7, nicolae_vaults_big_angled_halls,
          nicolae_vaults_what_the_h, ontoclasm_vaults_spin,
          nicolae_vaults_network_square, nicolae_vaults_shelves_hall,
          layout_vaults_big_cross, uniq_asterion, uniq_mara, uniq_donald

Skill      XL: |  1  2  3  4  5  6  7  8  9 10 11 12 13 14 15 16 17 18 19 20 |
---------------+-------------------------------------------------------------+-----
Axes           | 3 4 5 6 8 9 11 14 17 20 21 | 21.1
Throwing       | 2 |  2.0
Fighting       | 8 12 14 16 17 19 | 19.0
Armour         | 6 10 11 13 14 16 18 | 18.3
Invocations    | 9 10 13 19 | 19.4
Evocations     | 3 9 |  9.9
Crossbows      | 3 11 15 16 | 16.1
Shields        | |  3.2

Action                   |  1- 3 |  4- 6 |  7- 9 | 10-12 | 13-15 | 16-18 | 19-21 || total
-------------------------+-------+-------+-------+-------+-------+-------+-------++-------
Melee: War axe           |    93 |   102 |   108 |   151 |       |       |       ||   454
       Battleaxe         |       |       |       |   164 |   649 |   700 |   412 ||  1925
 Fire: Hand crossbow     |       |       |       |       |       |   215 |       ||   215
       Arbalest          |       |       |       |       |       |   225 |   169 ||   394
Throw: Javelin           |       |       |    23 |    21 |    15 |       |       ||    59
       Throwing net      |       |       |       |       |     2 |       |       ||     2
Invok: Dark Bargain      |       |       |       |       |     5 |     7 |     2 ||    14
       Recall Undead Har |       |       |       |       |       |     1 |     1 ||     2
       Bind Soul         |       |       |       |       |       |       |     2 ||     2
Evoke: Wand              |       |       |     2 |     1 |    27 |    19 |    18 ||    67
       Phantom mirror    |       |       |       |       |     3 |     5 |     6 ||    14
       Tin of tremorston |       |       |       |       |     2 |     5 |     6 ||    13
       Condenser vane    |       |       |       |       |       |     5 |     7 ||    12
       Lightning rod     |       |       |       |       |       |       |     4 ||     4
  Use: Scroll            |       |     7 |    11 |     9 |     9 |    17 |    15 ||    68
       Potion            |       |     1 |     1 |     3 |     6 |     7 |     9 ||    27
 Stab: Distracted        |       |       |       |     3 |     3 |     6 |       ||    12
Armor: Scale mail        |    47 |    55 |    21 |       |       |       |       ||   123
       Plate armour      |       |       |    25 |   217 |   326 |   566 |   348 ||  1482
Dodge: Dodged            |    54 |    42 |    57 |   120 |   194 |   381 |   201 ||  1049
       Repelled          |       |       |       |     2 |     1 |    57 |     3 ||    63
Block: Buckler           |    30 |    15 |    22 |    31 |       |       |       ||    98

Table legend: (Time is in decaauts)
 A = Elapsed time spent in this place.
 B = Non-inter-level travel time spent in this place.
 C = Inter-level travel time spent in this place.
 D = Time resting spent in this place.
 E = Time spent auto-exploring this place.
 F = Levels seen in this place.
 G = Mean time per level.
                   A        B        C        D        E       F      G
               +--------+--------+--------+--------+--------+-----+--------+
         Total |  47660 |  44961 |   2699 |  14477 |  20422 |  34 | 1401.8 |
       Dungeon |  18282 |  16701 |   1581 |   4400 |   8628 |  15 | 1218.8 |
          Lair |   6458 |   6111 |    347 |    618 |   4158 |   6 | 1076.3 |
        Shoals |   4620 |   4476 |    144 |   1771 |   1560 |   3 | 1540.0 |
     Snake Pit |   9779 |   9504 |    275 |   4813 |   2554 |   4 | 2444.8 |
  Orcish Mines |   3881 |   3540 |    341 |   1516 |   1287 |   2 | 1940.5 |
        Vaults |   4382 |   4374 |      8 |   1358 |   2153 |   3 | 1460.7 |
        Bazaar |    256 |    256 |      0 |      0 |     81 |   1 |  256.0 |
               +--------+--------+--------+--------+--------+-----+--------+

Top non-repeatable levels by time:
 Snake:4: 3184 daAuts
 Snake:3: 3106 daAuts
 Snake:1: 2375 daAuts
   Orc:2: 2270 daAuts
Vaults:2: 2113 daAuts
    D:14: 2009 daAuts
Shoals:2: 1970 daAuts
   Orc:1: 1611 daAuts
     D:9: 1592 daAuts
Vaults:1: 1533 daAuts
     D:2: 1482 daAuts
     D:7: 1363 daAuts
    D:13: 1355 daAuts
Shoals:3: 1352 daAuts
  Lair:6: 1322 daAuts
